 Dungeon Crawl Stone Soup version 0.29.1-2-gbd0b4ee654 (webtiles) character file.

Game seed: 17393473957684403282

2118 funnyparkerb the Basher (level 9, -1/79 HPs)
             Began as a Meteoran Fighter on Nov 7, 2022.
             Succumbed to a killer bee's poison
             ... on level 7 of the Dungeon.
             The game lasted 00:16:42 (2931 turns).

funnyparkerb the Basher (Meteoran Fighter)          Turns: 2931, Time: 00:16:43

Health: -1/79      AC: 14    Str: 20 (22) XL:     9   Next: 83%
Magic:  10/10      EV:  9    Int: 10 (11) God:
Gold:   390        SH:  4    Dex: 11 (13) Spells: 8/8 levels left

rFire   . . .      SeeInvis .   t - +4 flail
rCold   . . .      Faith    .   c - +0 buckler
rNeg    . . .      Spirit   .   o - +0 chain mail
rPois   .          Reflect  .   (no helmet)
rElec   .          Harm     .   r - +0 cloak
rCorr   .          Rampage  .   (no gloves)
Will    +....                   b - +2 pair of boots
Stlth   ..........              (no amulet)
HPRegen 0.23/turn               k - ring of flight
MPRegen 0.12/turn               (no ring)

@: lethally poisoned (-1 -> -43), flying, glowing
A: sense surroundings 2, otherworldly, glowing, explore regen
a: no special abilities


You were on level 7 of the Dungeon.
You visited 1 branch of the dungeon, and saw 8 of its levels.

You collected 390 gold pieces.

Inventory:

Hand Weapons
 t - a +4 flail (weapon)
Missiles
 j - 7 boomerangs (quivered)
Armour
 b - a +2 pair of boots (worn)
 c - a +0 buckler (worn)
 o - a +0 chain mail (worn)
 r - a +0 cloak (worn)
Jewellery
 k - a ring of flight (left hand)
Scrolls
 a - 2 scrolls of teleportation {unknown}
 f - 6 scrolls of identify {unknown}
 g - a scroll of butterflies {unknown}
 m - 2 scrolls of poison {unknown}
 n - 2 scrolls of immolation {unknown}
 q - a scroll of enchant weapon {unknown}
 v - a scroll of silence {unknown}
 w - a scroll of blinking {unknown}
Potions
 e - a potion of flight
 h - 3 potions of attraction
 l - a potion of degeneration
 p - a potion of invisibility
 u - a potion of ambrosia
 x - a potion of resistance


   Skills:
 + Level 7.5 Fighting
 + Level 9.9 Maces & Flails
 - Level 5.5 Armour
 + Level 7.4 Dodging
 - Level 3.6 Shields


You had 8 spell levels left.
You didn't know any spells.
Your spell library contained the following spells:

 Spells                   Type           Power      Damage    Failure   Level
 Gell's Gravitas          Tloc           0%         N/A       100%        3
 Lesser Beckoning         Tloc           0%         N/A       100%        3
 Teleport Other           Tloc           0%         N/A       100%        3
 Freezing Cloud           Conj/Ice/Air   0%         6-21      100%        5
 Simulacrum               Ice/Necr       0%         N/A       100%        6
 Polar Vortex             Ice            0%         N/A       100%        9


Dungeon Overview and Level Annotations

Branches:
Dungeon (8/15) Zot: 1827
 Temple: D:4-7         Lair: D:8-11

Altars:
Ashenzari
Elyvilon
Kikubaaqudgha
Makhleb
Wu Jian
Yredelemnul

Shops:
D:1 [


Innate Abilities, Weirdness & Mutations

You passively map the area around you.
You are easily found by Zot.
You glow in the dark.
You regain HP and MP as you explore.


Message History

The killer bee closely misses you. x2; The iguana barely misses you.
A kobold brigand comes into view.
It is wielding a +0 club and quivering poisoned darts.
The kobold hits you but does no damage.
You thump the killer bee!
You kill the killer bee!
You feel very sick. The killer bee stings you.
The killer bee barely misses you.
The killer bee stings you but does no damage.
You block the killer bee's attack. The killer bee stings you.
The killer bee stings you but does no damage.
The killer bee stings you.
* * * LOW HITPOINT WARNING * * *
The killer bee closely misses you. The killer bee barely misses you.
The killer bee stings you but does no damage.
The killer bee completely misses you.
The iguana bites you but does no damage.
The kobold hits you but does no damage.
You miss the killer bee.
You feel very sick.
The killer bee stings you but does no damage. x4
The killer bee stings you.
* * * LOW HITPOINT WARNING * * *
You are lethally poisoned!
The killer bee poisons you!
The killer bee stings you but does no damage. x2
The killer bee stings you.
* * * LOW HITPOINT WARNING * * *
You are more poisoned.
The killer bee poisons you! The killer bee closely misses you.
You block the killer bee's attack. The killer bee barely misses you.
The killer bee stings you.
* * * LOW HITPOINT WARNING * * *
You are more poisoned.
The killer bee poisons you! You block the iguana's attack.
The kobold hits you with a +0 dagger.
* * * LOW HITPOINT WARNING * * *
A kobold comes into view. It is wielding a +0 club.
You sock the killer bee!
The killer bee is severely wounded.
You die...

,*#..*#....# #+#* *+*
##..##..K.##..### *
,#................ , *
#................,, *
,, ##..##...K##...## *
* , *#..##...K#######
* , ........KKh....# ,
*........KyyK...# , ,
* #.......lKl@yy..# ,
* , #.........yyy...#,
, *
#############..###..##
*
...............####+##
#...#...#...#........#
* ,
.....................#
,
#...#...#...#...##..#
* ,
.............#'###..##
,
#############.........
, ,


You could see a kobold brigand, a howler monkey, 2 iguanas, 7 killer bees and 7
kobolds.

Vanquished Creatures
  Pikel (D:5)
  Eustachio (D:5)
  2 orc warriors (D:6)
  An ice beast (D:6)
  An ogre (D:5)
  2 centaurs
  2 phantoms
  A bullfrog (D:7)
  2 scorpions
  A killer bee (D:7)
  6 hounds
  3 iguanas
  3 orc wizards
  A gnoll (D:4)
  5 adders
  A shadow imp (D:7)
  2 ufetubi (D:5)
  A worm (D:2)
  A dart slug (D:4)
  13 orcs
  5 endoplasms
  3 giant cockroaches (D:1)
  5 goblins
  7 hobgoblins
  6 jackals
  A quokka (D:4)
  7 ball pythons
  7 bats
  2 frilled lizards (D:1)
  5 kobolds
  5 rats
103 creatures vanquished.

Vanquished Creatures (others)
  A wyvern (D:6)
1 creature vanquished.

Grand Total: 104 creatures vanquished

Notes
Turn   | Place    | Note
-------+----------+-------------------------------------------
     0 | D:1      | funnyparkerb the Meteoran Fighter began the quest for the
                  | Orb.
     0 | D:1      | Reached XP level 1. HP: 19/19 MP: 2/2
    77 | D:1      | Found Sineph's Antique Armour Shop.
    83 | D:1      | Reached skill level 3 in Maces & Flails
    97 | D:1      | Reached XP level 2. HP: 17/26 MP: 3/3
   192 | D:2      | Found a faded altar of an unknown god.
   248 | D:2      | Reached skill level 4 in Maces & Flails
   296 | D:2      | Reached XP level 3. HP: 28/30 MP: 4/4
   769 | D:3      | Found a white marble altar of Elyvilon.
   885 | D:3      | Reached skill level 5 in Maces & Flails
   920 | D:4      | Noticed a phantom
   929 | D:3      | Reached XP level 4. HP: 28/38 MP: 5/5
   951 | D:4      | Killed a phantom
   952 | D:4      | Reached skill level 7 in Maces & Flails
   952 | D:4      | Reached XP level 5. HP: 29/45 MP: 6/6
  1126 | D:3      | Reached XP level 6. HP: 33/51 MP: 7/7
  1236 | D:4      | Reached skill level 8 in Maces & Flails
  1251 | D:4      | Noticed a centaur
  1340 | D:3      | Reached skill level 1 in Dodging
  1540 | D:4      | Reached XP level 7. HP: 58/58 MP: 8/8
  1833 | D:5      | Entered Level 5 of the Dungeon
  2099 | D:5      | Noticed Pikel
  2123 | D:5      | Killed Pikel
  2124 | D:5      | Reached skill level 5 in Fighting
  2124 | D:5      | Reached skill level 5 in Armour
  2124 | D:5      | Reached skill level 5 in Dodging
  2124 | D:5      | Reached XP level 8. HP: 32/70 MP: 9/9
  2435 | D:5      | Noticed Eustachio
  2470 | D:5      | Killed Eustachio
  2471 | D:5      | Gained mutation: You passively map the area around you.
                  | [Meteoran growth]
  2471 | D:5      | Reached XP level 9. HP: 56/75 MP: 10/10
  2499 | D:6      | Reached skill level 9 in Maces & Flails
  2541 | D:6      | Found an ancient bone altar of Kikubaaqudgha.
  2597 | D:6      | Found a burning altar of Makhleb.
  2637 | D:6      | Found a basalt altar of Yredelemnul.
  2729 | D:6      | Found a broken altar of Ashenzari.
  2869 | D:7      | Found an ornate altar of the Wu Jian Council.
  2931 | D:7      | Succumbed to a killer bee's poison

Illustrated notes

Levels and vault maps discovered:
D:1:      dpeg_arrival_fog, layout_loops_ring, serial_shops,
          nicolae_shop_crystal
D:2:      layout_basic, dreamdust_ecumenical_altar_angels_and_demons,
          chequers_jeans, uniq_robin
D:3:      minmay_inner_zag, layout_basic, elyvilon_altar_1, patterned_corridor
D:4:      layout_basic, nicolae_dithmenos_the_darkroom,
          minmay_temple_entry_drinking_statues, cheibrodos_gnoll_hut
D:5:      layout_cave_pods, uniq_pikel, uniq_eustachio
D:6:      layout_loops_ring, lemuel_doored_altar, lemuel_round_altar,
          ashenzari_altar_1, bloody_makhleb, kb_lookout_dungeons_type
D:7:      layout_gridville, lemuel_coloured_pillars_altar
D:8:      nzn_winding_woodlands_three_and_one [nzn_winding_woodlands_5x15_eye,
          nzn_winding_woodlands_5x15_pathside_ponds,
          nzn_winding_woodlands_5x15_garden,
          nzn_winding_woodlands_center_diamonds], layout_layer_cave,
          gammafunk_temple_overflow_statue, serial_shops, kennysheep_little_box

Skill      XL: |  1  2  3  4  5  6  7  8  9 |
---------------+----------------------------+-----
Maces & Flails | 3 4 5 7 8 9 |  9.9
Dodging        | 1 5 6 7 |  7.4
Armour         | 4 5 |  5.5
Fighting       | 5 6 7 |  7.5
Shields        | |  3.6

Action                   |  1- 3 |  4- 6 |  7- 9 || total
-------------------------+-------+-------+-------++-------
Melee: Flail             |    94 |   106 |   230 ||   430
Throw: Boomerang         |     2 |       |    24 ||    26
  Use: Potion            |       |       |     9 ||     9
Armor: Scale mail        |    51 |    48 |       ||    99
       Chain mail        |       |    23 |   236 ||   259
Dodge: Dodged            |    52 |    38 |   146 ||   236
Block: Buckler           |    20 |    36 |    66 ||   122
